 Dungeon Crawl Stone Soup version 0.21.1-1-g345015fe64 (webtiles) character file.

73 Faustar the Conjurer (level 4, -1/33 HPs)
             Began as a Draconian Wizard on Feb 13, 2018.
             Slain by a gnoll
             ... wielding a +0 club
              (9 damage)
             ... on level 2 of the Dungeon.
             The game lasted 00:05:28 (2756 turns).

Faustar the Conjurer (Draconian Wizard)             Turns: 2756, Time: 00:05:29

Health: -1/33      AC:  6    Str:  9    XL:     4   Next: 8%
Magic:  2/8        EV: 12    Int: 20    God:
Gold:   118        SH:  0    Dex:  9    Spells: 8/9 levels left

rFire    . . .     SeeInvis .   p - -2 whip (curse)
rCold    . . .     Gourm    .   (no shield)
rNeg     . . .     Faith    .   (armour unavailable)
rPois    .         Spirit   .   a - +0 hat
rElec    .         Reflect  .   (no cloak)
rCorr    .         Harm     .   h - +0 pair of gloves
MR       .....                  (no boots)
Stlth    +++.......             (no amulet)
HPRegen  0.11/turn              k - ring of stealth
MPRegen  0.11/turn              (no ring)

@: very slightly contaminated
A: unfitting armour, cold-blooded, AC +5
a: no special abilities


You were on level 2 of the Dungeon.
You were not hungry.

You visited 1 branch of the dungeon, and saw 3 of its levels.

You collected 118 gold pieces.

Inventory:

Hand Weapons
 d - a +0 club
 p - a cursed -2 whip (weapon)
Armour
 a - a +0 hat (worn)
 h - a +0 pair of gloves (worn)
Jewellery
 k - a ring of stealth (left hand)
 m - an uncursed ring of poison resistance {unknown}
Scrolls
 e - a scroll of immolation {unknown}
 i - a scroll of teleportation {unknown}
 j - 3 scrolls of identify {unknown}
 n - a scroll of enchant weapon {unknown}
 r - a scroll of fog {unknown}
Potions
 f - a potion of haste {unknown}
 g - 2 potions of curing {unknown}
 l - a potion of lignification {unknown}
 o - 2 potions of heal wounds {unknown}
Books
 b - a book of Minor Magic

   Spells                             Type                      Level
   a - Magic Dart                     Conjuration                  1
   b - Blink                          Translocation                2
   c - Call Imp                       Summoning                    2
   d - Slow                           Hexes                        2
   e - Conjure Flame                  Conjuration/Fire             3
   f - Mephitic Cloud                 Conjuration/Poison/Air       3
Comestibles
 c - 6 rations
 q - 2 chunks of flesh


   Skills:
 - Level 1.7 Dodging
 - Level 1.7 Stealth
 + Level 3.0 Spellcasting
 - Level 4.0 Conjurations
   Level 1.0 Summonings
   Level 1.0 Translocations


You had 8 spell levels left.
You knew the following spells:

 Your Spells              Type           Power        Failure   Level  Hunger
a - Magic Dart            Conj           ###.         2%          1    None


Dungeon Overview and Level Annotations

Branches:
Dungeon (3/15)

Altars:


Innate Abilities, Weirdness & Mutations

Your plain brown scales are hard. (AC +5)
You cannot fit into any form of body armour.
You are cold-blooded and may be slowed by cold attacks.


Message History

The gnoll is lightly wounded.
Casting: Magic Dart
Confirm with . or Enter, or press ? or * to list all spells.
Aiming: Magic Dart
Press: ? - help, Shift-Dir - straight line, f/p - gnoll
Aim: a gnoll, wielding a club (lightly wounded)
You miscast Magic Dart.
You are very lightly contaminated with residual magic.
The air around you crackles with energy!
The gnoll hits you with a club.
* * * LOW HITPOINT WARNING * * *
Casting: Magic Dart
Confirm with . or Enter, or press ? or * to list all spells.
Aiming: Magic Dart
Press: ? - help, Shift-Dir - straight line, f/p - gnoll
Aim: a gnoll, wielding a club (lightly wounded)
The magic dart hits the gnoll.
The gnoll is heavily wounded.
The gnoll hits you with a club!
You die...

#.##....####....###.# #.##.##.#
#####.#..# #.##.##.#########.#.#
##...............#.#.#
#####.##.##.#..#.#.#.# #########
##.##..............#.# #.......#
#.#.####.##.#..>g....# #.#####.##
.###.# #......##g##### #.#####...
#.#.## ####.#.##@# #.##.....#
##.## #......# #.##.##.## ##.#
###)#### ###.#...#.# ##.## #.)>#
#.........# ##..##### #...#
#..##...### ##......# #...#
#####..###.#####
.....#..####...###........#.# #..
##..#.#............#.#..#.#.###..
#..#................#..#........


You could see 2 gnolls.

Vanquished Creatures
  2 oozes (D:1)
  A worm (D:2)
  A dart slug (D:2)
  2 leopard geckos (D:1)
  An orc (D:2)
  2 giant cockroaches
  5 goblins
  8 hobgoblins
  4 jackals (D:1)
  A quokka (D:3)
  2 ball pythons (D:1)
  2 bats
  4 frilled lizards
  10 kobolds
  9 rats
54 creatures vanquished.

Notes
Turn   | Place    | Note
-------+----------+-------------------------------------------
     0 | D:1      | Faustar the Draconian Wizard began the quest for the Orb.
     0 | D:1      | Reached XP level 1. HP: 14/14 MP: 4/4
   505 | D:1      | Reached skill level 2 in Conjurations
   652 | D:1      | Reached XP level 2. HP: 14/20 MP: 1/6
  1269 | D:1      | Reached skill level 3 in Conjurations
  1286 | D:1      | Reached XP level 3. HP: 24/26 MP: 7/7
  2660 | D:2      | Reached XP level 4. HP: 26/33 MP: 1/8
  2724 | D:3      | Reached skill level 4 in Conjurations
  2756 | D:2      | Slain by a gnoll

Skill      XL: |  1  2  3  4 |
---------------+-------------+-----
Conjurations   | 2 3 4 |  4.0
Dodging        | |  1.7
Stealth        | |  1.7
Spellcasting   | |  3.0
Summonings     | |  1.0
Translocations | |  1.0

Action                   |  1- 3 |  4- 6 || total
-------------------------+-------+-------++-------
Melee: Club              |   147 |       ||   147
       Unarmed           |     7 |       ||     7
       Tailslap          |    10 |       ||    10
       Whip              |    20 |     7 ||    27
 Cast: Magic Dart        |    60 |    10 ||    70
 Stab: Sleeping          |     7 |       ||     7
  Eat: Chunk             |     6 |       ||     6
Armor: Skin              |    65 |     4 ||    69
Dodge: Dodged            |   153 |    15 ||   168
